Cogmind - Beta 13 X1 @@@ ROGUE MODE // 2023.06.30 @ 18:59:34 Player: LU-1G1 Result: Smashed by cave-in Performance ------------- Evolutions (0) 0 Regions Visited (2) 400 Robots Destroyed (31) 155 Value Destroyed (722) 722 Prototype IDs (0) 0 Alien Tech Used (0) 0 Bonus (0) 0 TOTAL SCORE: 1277 Bonus ------- None Cogmind --------- Core Integrity 0/250 Matter 300/300 Energy 99/100 System Corruption 0% Temperature Cool (0) Movement Core (50) Location -10/Subcaves Parts ------- > --- POWER (1) -------- (None) > --- PROPULSION (2) --- (None) > --- UTILITY (2) ------ (None) > --- WEAPON (2) ------- Makeshift Hammer > --- INVENTORY (5) ---- Compact Wheel Heat Sink Seismic Detector Medium Laser Medium Laser Peak State ------------ > --- POWER ------------ Makeshift Power Source > --- PROPULSION ------- Light Treads Subdweller Monowheel > --- UTILITY ---------- Scrap Shield > --- WEAPON ----------- Subdweller Beam Cannon Makeshift Hammer > --- INVENTORY -------- Compact Wheel Heat Sink Seismic Detector Medium Laser Medium Laser [Rating: 17] Favorites ----------- Power Ion Engine Engine Ion Engine Propulsion Light Treads Treads Light Treads Wheel Subdweller Monowheel Utility Small Storage Unit Device Seismic Detector Storage Small Storage Unit Protection Light Armor Plating Weapon Medium Laser Energy Gun Medium Laser Energy Cannon Subdweller Beam Cannon Ballistic Gun Assault Rifle Impact Weapon Hammer Build | -11 -10 -10 ------- Run | Jun Mat Sub Slots Evolved . | . . . Power . | . . . Propulsion . | . . . Utility . | . . . Weapon . | . . . Parts Attached 18 | 7 5 6 Power 3 | 1 1 1 Engine 3 | 1 1 1 Core . | . . . Reactor . | . . . Propulsion 3 | 2 . 1 Treads 2 | 2 . . Leg . | . . . Wheel 1 | . . 1 Hover . | . . . Flight . | . . . Utility 5 | 2 2 1 Device 2 | 1 1 . Storage 1 | 1 . . Processor . | . . . Hackware . | . . . Protection 2 | . 1 1 Artifact . | . . . Weapon 7 | 2 2 3 Energy Gun 3 | 1 2 . Energy Cannon 1 | . . 1 Ballistic Gun 1 | 1 . . Ballistic Cannon . | . . . Launcher . | . . . Special Weapon . | . . . Impact Weapon 2 | . . 2 Slashing Weapon . | . . . Piercing Weapon . | . . . Special Melee Weapon . | . . . Unidentified Prototypes . | . . . Parts Lost 9 | . 2 7 Power 2 | . . 2 Propulsion 3 | . . 3 Utility 2 | . 1 1 Weapon 2 | . 1 1 Highest Loss Streak 4 | . 1 4 To Critical Strikes . | . . . Average Slot Usage (%) 87 | . 97 76 Engine 11 | . 14 8 Treads 22 | . 28 16 Wheel 3 | . . 6 Device 2 | . 4 . Storage 10 | . 14 6 Protection 8 | . 6 10 Energy Gun 12 | . 18 6 Energy Cannon 3 | . . 6 Ballistic Gun 4 | . 9 . Impact Weapon 6 | . . 12 Naked Turns . | . . . Heaviest Build 33 | 15 17 33 Greatest Support 40 | 40 40 40 Greatest Overweight (x) 2 | 2 . 1 Average Overweight (x) . | . . . Largest Inventory Capacity 8 | 8 8 8 Average Capacity 7 | 7 8 6 Most Carried 8 | 6 8 8 Average Carried 6 | 5 7 6 Final Capacity 8 | 8 8 5 Final Carried 8 | 6 8 5 Class Distribution -------------------- 84% | Mutant 10% | Subdweller-Mutant 4% | Scavenger-Mutant Dominant Class ---------------- Mutant | -10/Materials Mutant | -10/Subcaves Resources | -11 -10 -10 ----------- Run | Jun Mat Sub Matter Collected 559 | 328 181 50 Remotely . | . . . Salvage Created 1015 | 216 523 276 Parts 57 | 18 30 9 Haulers Intercepted 1 | . 1 . Recyclers Shooed 2 | . 2 . Parts Field Recycled . | . . . Retrieved Matter . | . . . Parts Self-Destructed 3 | . . 3 Prevented . | . . . Kills | -11 -10 -10 ------- Run | Jun Mat Sub Combat Hostiles Destroyed 19 | . 11 8 Melee 4 | . . 4 Guns 11 | . 11 . Cannons 1 | . . 1 Classes Destroyed 10 | 2 5 3 Worker 1 | . 1 . Tunneler 6 | 6 . . Hauler 1 | . 1 . Recycler 2 | 1 1 . Watcher 2 | . 2 . Swarmer 4 | . 3 1 Grunt 8 | . 8 . Sentry 1 | . . 1 Artisan 1 | . . 1 Subdweller 6 | . . 6 Best Kill Streak 5 | 2 5 2 Combat Bots Only 5 | . 5 2 Max Kills in Single Turn 2 | 1 2 1 Gunslinging 1 | . 1 . Exploded . | . . . Melee 1 | . . 1 Uniques/NPCs Destroyed . | . . . Combat | -11 -10 -10 -------- Run | Jun Mat Sub Damage Taken 1401 | . 515 886 Core 279 | . 85 194 Absorbed by Shields . | . . . Core Remaining (%) 100 | 100 . . Volleys Fired 76 | 25 49 2 Largest 2 | 2 2 1 Hottest 100 | 70 100 80 Shots Fired 149 | 50 97 2 Gun 147 | 50 97 . Cannon 2 | . . 2 Launcher . | . . . Special . | . . . Kinetic 68 | 25 43 . Thermal 81 | 25 54 2 Explosive . | . . . Electromagnetic . | . . . Robot Hit Streak 14 | 7 14 2 Robot Miss Streak 6 | 6 4 . Penetration Max . | . . . Secondary Targets 3 | . 3 . Max Gunslinging Chain 1 | . 1 . Shots Hit Robots 115 | 24 66 25 Core Hits 43 | 8 30 5 Critical Kills 1 | . . 1 Critical Parts Destroyed 4 | . . 4 Critical Strikes 10 | 3 2 5 Burn 5 | 3 2 . Smash 5 | . . 5 Melee Attacks 69 | . . 69 Impact 69 | . . 69 Slashing . | . . . Piercing . | . . . Sneak Attacks 3 | . . 3 Combat Hostiles . | . . . Follow-up Attacks . | . . . Damage Inflicted 2075 | 295 833 947 Guns 1120 | 295 825 . Cannons 29 | . . 29 Explosions . | . . . Melee 918 | . . 918 Ramming 8 | . 8 . Kinetic 485 | 133 352 . Thermal 664 | 162 473 29 Explosive . | . . . Electromagnetic . | . . . Impact 918 | . . 918 Slashing . | . . . Piercing . | . . . Highest Corruption . | . . . Average Corruption . | . . . Corruption Purged . | . . . Corruption Blocked . | . . . Overload Shots . | . . . Overflow Damage 350 | . . 350 Projectiles . | . . . Explosions . | . . . Melee 350 | . . 350 Knockbacks 2 | . . 2 Impact 2 | . . 2 Kinetic . | . . . Secondary . | . . . Self-Inflicted Damage . | . . . Shots . | . . . Rammed 1 | . 1 . Targets Rammed 1 | . 1 . Kicked . | . . . Crushed . | . . . Highest Temperature 347 | 54 347 . Average Temperature 57 | 23 72 . Received Heat Transfer 408 | . 249 159 Effects 3 | . 3 . Energy Bleed 2 | . 2 . Short Circuit 1 | . 1 . Siege Activations . | . . . Robots Corrupted . | . . . Combat Hostiles . | . . . Parts Fried 5 | . . 5 Impact Corruptions 11 | . . 11 Robots Melted . | . . . Combat Hostiles . | . . . Parts Melted 4 | . 4 . Heat Transferred 2294 | 703 1554 37 Parts Sabotaged . | . . . Parts Stolen . | . . . Parts Stripped . | . . . Power Chain Reactions . | . . . Missiles Intercepted . | . . . Alert | -11 -10 -10 ------- Run | Jun Mat Sub Peak Influence 391 | 35 391 . Initial 22 | . 22 . Average 182 | 18 253 . Maximum Alert Level 1 | . 1 . Low Security (%) 44 | 100 21 . Level 1 55 | . 78 . Level 2 . | . . . Level 3 . | . . . Level 4 . | . . . Level 5 . | . . . High Security . | . . . Max Security . | . . . Squads Dispatched 2 | . 2 . Investigation . | . . . Extermination . | . . . Reinforcement 2 | . 2 . Assault . | . . . Garrison . | . . . Intercept . | . . . Searches Triggered . | . . . Construction Impeded . | . . . Haulers Reinforced . | . . . Active Scanning Responses . | . . . Cargo Convoy Interrupts . | . . . Stealth | -11 -10 -10 --------- Run | Jun Mat Sub Distress Signals 3 | . 3 . Communications Jammed . | . . . Distress Signals . | . . . Times Spotted 30 | . 22 8 Peak Tracking Total 7 | . 7 2 Tactical Retreats 3 | . 3 . Traps | -11 -10 -10 ------- Run | Jun Mat Sub Traps Triggered . | . . . Indirectly . | . . . Trap Hack Attempts . | . . . Triggered . | . . . Disarmed . | . . . Reprogrammed . | . . . Reused . | . . . Traps Extracted . | . . . Installed . | . . . Triggered . | . . . Machines | -11 -10 -10 ---------- Run | Jun Mat Sub Machines Disabled 1 | . 1 . Max in Single Turn 1 | . 1 . Machines Repaired . | . . . Machines Sabotaged . | . . . Overloaded Fab Kills . | . . . Hacking | -11 -10 -10 --------- Run | Jun Mat Sub Machines Accessed 1 | . 1 . Terminals 1 | . 1 . Fabricators . | . . . Repair Stations . | . . . Recycling Units . | . . . Scanalyzers . | . . . Garrison Access . | . . . Total Hacks 1 | . 1 . Successful 1 | . 1 . Failed . | . . . Catastrophic . | . . . Database Lockouts . | . . . Manual . | . . . Terminals 1 | . 1 . Fabricators . | . . . Repair Stations . | . . . Recycling Units . | . . . Scanalyzers . | . . . Garrison Access . | . . . Terminal Hacks 1 | . 1 . Zone Layout 1 | . 1 . Fabricator Hacks . | . . . Repair Station Hacks . | . . . Recycling Unit Hacks . | . . . Scanalyzer . | . . . Garrison Access Hacks . | . . . Unauthorized Hacks . | . . . Terminals . | . . . Fabricators . | . . . Repair Stations . | . . . Recycling Units . | . . . Scanalyzers . | . . . Garrison Access . | . . . Data Cores Recovered . | . . . Used . | . . . Hacking Detections . | . . . Full Trace Events . | . . . Feedback Events . | . . . Feedback Blocked . | . . . Robot Schematics Acquired . | . . . Robots Built . | . . . Authchips . | . . . Time . | . . . Total Robot Build Rating . | . . . Part Schematics Acquired . | . . . Parts Built . | . . . Authchips . | . . . Time . | . . . Total Part Build Rating . | . . . Parts Repaired . | . . . Time . | . . . Parts Recycled . | . . . Recycled Matter . | . . . Retrieved Matter . | . . . Retrieved Components . | . . . Parts Scanalyzed . | . . . Part Schematics Acquired . | . . . Parts Damaged . | . . . Bothacking | -11 -10 -10 ------------ Run | Jun Mat Sub Used RIF Installer . | . . . Robots Hacked . | . . . Non-combat . | . . . Combat . | . . . Robot Hacks Applied . | . . . Relay Couplers Released . | . . . Fabnet Peak Effective % . | . . . Robots Rewired . | . . . Allies Hacked . | . . . Hacks Repelled . | . . . Allies | -11 -10 -10 -------- Run | Jun Mat Sub Total Allies . | . . . Largest Group . | . . . Highest-Rated Group . | . . . Highest-Rated Ally . | . . . Total Orders . | . . . Ally Attacks . | . . . Total Damage . | . . . Kills . | . . . Allies Corrupted . | . . . Allies Melted . | . . . Intel | -11 -10 -10 ------- Run | Jun Mat Sub Robot Analysis Total . | . . . Derelict Logs Recovered 1 | . . 1 Drone Launches . | . . . Drone Recoveries . | . . . Exploration | -11 -10 -10 ------------- Run | Jun Mat Sub Turns Passed 1628 | 298 694 636 Spaces Moved 822 | 129 315 378 Core 94 | 7 . 87 Treads 558 | 122 315 121 Legs . | . . . Wheels 170 | . . 170 Hover . | . . . Flight . | . . . Fastest Speed 50 | 50 160 50 Average Speed 139 | 157 160 115 Slowest Speed 240 | 160 160 240 Overloaded Moves . | . . . Propulsion Burnouts . | . . . Robots Hopped . | . . . Cave-ins Triggered 1 | . . 1 Exploration Rate (%) 26 | 8 49 22 Regions Visited 2 Branch Regions 1 Pre-discovered Areas . | . . . Known Exits Taken . | . . . Unknown Exits Taken 2 | 1 1 . Scrap Searched . | . . . Spaces Dug 19 | . . 19 Terrain Destroyed 19 | . . 19 Melee 19 | . . 19 Projectile . | . . . AOE . | . . . Terrain Rammed . | . . . Walls Destroyed . | . . . Machines Disabled . | . . . Actions | -11 -10 -10 --------- Run | Jun Mat Sub Total 1062 | 171 410 481 Wait 55 | 3 29 23 Move 819 | 128 314 377 Hop . | . . . Pick Up 14 | 8 6 . Fast Attach 11 | 5 2 4 Attach 4 | 2 2 . Detach 1 | . 1 . Swap 3 | . 1 2 Drop 9 | . 5 4 Fire 76 | 25 49 2 Melee 69 | . . 69 Ram . | . . . Kick . | . . . Crush 1 | . 1 . Escape Stasis . | . . . Rewire . | . . . Trap . | . . . Miscellaneous . | . . . Route ------- -11/Junkyard -10/Materials (discovered 3 exits: [*Mat] / [*Min] / [*Sub]) -10/Subcaves History --------- Turn | Location | Event 25 | -11/Junkyard | Discovered new exit (range 15) 299 | -11/Junkyard | Entered Materials 301 | -10/Materials | Build established: Mutant 568 | -10/Materials | Discovered new exit (range 16) 700 | -10/Materials | Discovered new exit (range 12) 952 | -10/Materials | Discovered new exit (range 12) 993 | -10/Materials | Entered Subcaves 1033 | -10/Subcaves | A swath of the cavern ceiling suddenly collapsed 1076 | -10/Subcaves | Learned Materials emergency access door positions 1099 | -10/Subcaves | Shifting Twisted Machinery released Mak. System Restoration Module 1138 | -10/Subcaves | Shifting Twisted Machinery released Mak. Shrapnel Gun 1532 | -10/Subcaves | Core integrity fell below 50% 1540 | -10/Subcaves | Core integrity fell below 20% 1569 | -10/Subcaves | Lost 4 parts (1p2n1w) 1629 | -10/Subcaves | Crushed by falling debris 1629 | -10/Subcaves | Smashed by cave-in Last Messages --------------- 01533_ Sub. Monowheel destroyed. 01533_ Mak. Power Source destroyed. 01533_ Lgt. Treads destroyed. 01538_ Sub. Beam Cannon destroyed. 01540_ 4V-540(R) suffers critical hit (Smash). 01540_ Destroyed Sub. Optics. 01540_ 4V-540(R) system corrupted by crushing effect. 01541_ 4V-540(R) system terminally corrupted. 01541_ Sub. Beam Cannon fried. 01543_ PQ-11B(R) knocked back. 01547_ Destroyed Disposable Heat Sink. 01547_ PQ-11B(R) system corrupted by crushing effect. 01548_ PQ-11B(R) system terminally corrupted. 01548_ Sub. Optics fried. 01548_ Sub. Machine Gun fried. 01548_ Sub. Power Source fried. 01588_ The unstable cave ceiling collapses. 01609_ ALERT: LUIGI IS DIGGING AGAIN. 01629_ The unstable cave ceiling collapses. 01629_ Crushed by falling debris. Map ----- +----------------------------------------------------+ | | | | | ?????????????????????????????????????????????????? | | ?????????????????????????????????????????????????? | | ?????????????????????????????????????????????????? | | ?????????????????????????????????????????????????? | | ?????????????????????????????????????????????????? | | ?????????????????????????????????????????????????? | | ?????????????????????????????????????????????????? | | ?????????????????????????????????????????????????? | | ?????????????????????????????????????????????????? | | ?????????????????????????????????????????????????? | | ?????????????????????????????????????????????????? | | ?????????????????????????????????????????????????? | | ?????????????????????????????????????????????????? | | ?????????????????????????????????????????????????? | | ?????????????????????????????????????????????????? | | ?????????????????????????????????????????????????? | | ?????????????????????????????????????????????????? | | ?????????????????????????????????????????????????? | | ?????????????????????????????????????????????????? | | ?????????????????????????????????????????????????? | | ?????????????????????????????????????????????????? | | ???????????????#############?????????????????????? | | ??????????????## # ##????????????????????? | | ?????????????## #########@ #????????????????????? | | ????????????## ##???????# #????????????????????? | | ???????????## ##???????? #????????????????????? | | ??##??????## ##????????? #???????????????????? | | ?## ##???## ##?????????### #???????????????????? | | ## #??## ##????????????? #???????????????????? | | # #?#####?????????????? #???????????????????? | | # ### ##??????????????? ???????????????????? | | ####???????????????? ??????????????????? | | ### ##????????????????? ??????????????????? | | ??## #?????????????????? ?????????????????? | | ??## ##?????????????????? ## ????????????????? | | ?## #????????????????????#? "????????????????? | | ?# #?????????????????????? ""????????????????? | | ?# ##??????????????????????????????????????????? | | ?## #??????????????????????????????????????????? | | ## ##??????????????????????????????????????????? | | ##?????????????????????????????????????????? | | #?????????????????????????????????????????? | | #?????????????????????????????????????????? | | ##?????????????????????????????????????????? | | ##??#############???????????????????????????? | | ##### # # ##??????????????????????????? | | ###& # #??????????????????????????? | | ###% #??????????????????????????? | +----------------------------------------------------+ Best States ------------- Heat Dissipation 25 Energy Generation 15 Energy Capacity 250 Matter Stores 300 Matter Capacity 300 Sight Range 16 Terrain Scan Density 10 Armor Coverage 800 Evasion (%) 50 Recoil Reduction 2 Item Schematics ----------------- None Robot Schematics ------------------ None Fabricated ------------ Nothing Alien Tech Used ----------------- None Achievements -------------- None Challenges ------------ None Game ------ Seed ReflectiveReactiveDetonator Manual? 0 Play Time 00:09:39 Cumulative 640.2 hours Start 2023.06.29 @ 17:10:17 End 2023.06.30 @ 18:59:34 Sessions 3 Manual Loads 0 Difficulty Rogue Special Mode None Game No. 562 Rogue 347 Adventurer 112 Explorer 103 Win Type - Total 42 Types 26/0/8/3/0/0/4/1/0 Lore% 85 Gallery% 91 Achievement% 82 Wizard Run 0 Options --------- ASCII 0 Keyboard 0 Movement Vi Keybinds 1 Fullscreen 2 Font 36/Smallcaps Map View 76x50 Tactical HUD 1 Map Filters NONE Filters NONE Steam 1 RUN: dcaa3262-68fd-42b2-81d7-ca0f196db104